 Dungeon Crawl Stone Soup version 0.15.1-3-g1b33baa (webtiles) character file.

79 CrazyArbalest the Sneak (level 4, -1/27 HPs)
             Began as a Halfling Enchanter on Oct 6, 2014.
             Slain by a killer bee (2 damage)
             ... on Level 8 of the Dungeon.
             The game lasted 00:11:41 (2071 turns).

CrazyArbalest the Sneak (Halfling Enchanter)        Turns: 2071, Time: 00:11:41

HP  -1/27        AC  5     Str  8      XL: 4   Next: 64%
MP   6/6         EV 11     Int 14      God:
Gold 110         SH  0     Dex 15      Spells:  2 memorised,  2 levels left

rFire  . . .     SeeInvis .     a - +1 dagger
rCold  . . .     Clarity  .     i - +0 ring mail
rNeg   . . .     rCorr    .     (no shield)
rPois  .         rRot     .     (no helmet)
rElec  .         Spirit   .     (no cloak)
SustAb .         Warding  .     (no gloves)
rMut   .         Stasis   .     (no boots)
Gourm  .                        (no amulet)
MR     .....                    (no ring)
                                q - cursed -3 ring of slaying

@: lethally poisoned, not resistant to hostile enchantments, unstealthy
A: mutation resistance 1
a: no special abilities


You were on level 8 of the Dungeon.
You were near starving.

You visited 1 branch of the dungeon, and saw 8 of its levels.

You collected 110 gold pieces.

Inventory:

Hand weapons
 a - a +1 dagger (weapon)
 f - a +0 spear
Missiles
 g - 6 tomahawks (quivered)
 h - 19 stones
Armour
 b - a +1 robe
 i - a +0 ring mail (worn)
 j - a +0 animal skin
 k - the +0 leather armour of the Armadillo {Dex+3 Int+2, unknown}
   (You found it on level 6 of the Dungeon)

   It affects your intelligence (+2).
   It affects your dexterity (+3).
 n - a +0 ring mail
Magical devices
 r - a wand of flame (3)
Comestibles
 d - 3 bread rations
 o - 2 meat rations
Scrolls
 m - a scroll of identify
Jewellery
 q - a cursed -3 ring of slaying (left hand)
Potions
 e - a potion of brilliance
 l - a potion of magic {unknown}
Books
 c - a book of Maledictions

   Spells                             Type                      Level
   *Corona                            Hexes                        1
   Sure Blade                         Hexes/Charms                 2
   Ensorcelled Hibernation            Hexes/Ice                    2
   *Confuse                           Hexes                        3
   Dazzling Spray                     Conjuration/Hexes            3
   Enslavement                        Hexes                        4


   Skills:
 + Level 0.3 Fighting
 + Level 1.7 Short Blades
 + Level 0.4 Armour
 + Level 2.7 Dodging
 + Level 4.2 Stealth
 + Level 1.6 Spellcasting
 + Level 3.2 Hexes


You had 2 spell levels left.
You knew the following spells:

 Your Spells              Type           Power        Failure   Level  Hunger
a - Corona                Hex            ##.....      17%         1    ##.....
b - Confuse               Hex            ##......     47%         3    ####...


Dungeon Overview and Level Annotations

Branches:
Dungeon (8/15)               Lair (0/8) D:8
 Temple: D:4-7

Altars:
Trog
Xom

Annotations:
D:8 Maurice


Innate Abilities, Weirdness & Mutations

You are small and have problems with some larger weapons.
You are somewhat resistant to further mutation.


Message History

Maurice casts a spell.
Maurice blinks!
The killer bee stings you.
* * * LOW HITPOINT WARNING * * *
The killer bee barely misses you.
Found 25 gold pieces.
You feel sick.
You feel sick.
The killer bee stings you but does no damage.
The killer bee closely misses you.
Found 8 gold pieces.
You feel sick. The killer bee closely misses you.
The killer bee barely misses you.
Found 3 scrolls labeled BERIYS OZXEGHO.
The killer bee stings you but does no damage.
The killer bee stings you.
* * * LOW HITPOINT WARNING * * *
The killer bee closely misses you.
* * * LOW HITPOINT WARNING * * *
You feel sick. The killer bee stings you.
You die...

#.$.... #.# #.$.... #.#
#...... #.#
#####...#######.####$..
........................
.............y.#y####...
########.#####.#y#
............##.#y#
............##.#@#
$....<......##.#?#
............##.#.#
............##.#.#
........##>.##.#.#
........# #.. #.#
.......@. # #.#
##........ #.. #........
###


You could see 3 killer bees.

Vanquished Creatures
  A worker ant (D:5)
  2 giant mites
  2 giant geckos
  A ball python (D:1)
  4 bats
  5 hobgoblins
  5 kobolds
  An ooze (D:1)
  3 giant newts
  5 goblins
  2 jackals (D:2)
  9 rats
40 creatures vanquished.

Notes
Turn   | Place    | Note
--------------------------------------------------------------
     0 | D:1      | CrazyArbalest, the Halfling Enchanter, began the quest for the Orb.
     0 | D:1      | Reached XP level 1. HP: 11/11 MP: 2/2
    74 | D:1      | Reached XP level 2. HP: 4/17 MP: 3/3
   312 | D:1      | Reached XP level 3. HP: 2/21 MP: 5/5
  1018 | D:1      | Learned a level 3 spell: Confuse
  1621 | D:2      | Reached XP level 4. HP: 16/27 MP: 6/6
  1706 | D:2      | Reached skill level 4 in Stealth
  1709 | D:2      | Found a bloodstained altar of Trog.
  1894 | D:5      | Entered Level 5 of the Dungeon
  1898 | D:5      | Found a shimmering altar of Xom.
  2018 | D:6      | Got a bloodstained leather armour
  2057 | D:8      | Found a staircase to the Lair.
  2057 | D:8      | Noticed Maurice
  2057 | D:8      | Noticed a crocodile
  2071 | D:8      | HP: 1/27 [poisoned by a killer bee]
  2071 | D:8      | Slain by a killer bee

Action                   |  1- 3 |  4- 6 || total
-------------------------+-------+-------++-------
Melee: Dagger            |   128 |    42 ||   170
Evoke: Wand              |       |     8 ||     8
  Use: Scroll            |       |     1 ||     1
       Potion            |       |     1 ||     1
 Stab: Sleeping          |     7 |     1 ||     8
  Eat: Chunk             |     2 |       ||     2
